 Dungeon Crawl Stone Soup version 0.26-a0-613-g4f23886233 (webtiles) character file.

Game seed: 17527458599945611524

41 Peloso the Skirmisher (level 3, 0/29 HPs)
             Began as a Demonspawn Fighter on Sept 11, 2020.
             Succumbed to a hobgoblin's poison
             ... on level 2 of the Dungeon.
             The game lasted 00:02:27 (1308 turns).

Peloso the Skirmisher (Demonspawn Fighter)          Turns: 1308, Time: 00:02:28

Health: 0/29       AC:  6    Str: 17    XL:     3   Next: 32%
Magic:  3/3        EV:  7    Int:  9    God:
Gold:   97         SH:  9    Dex: 12    Spells: 2/2 levels left

rFire    . . .     SeeInvis .   a - +0 long sword
rCold    . . .     Faith    .   c - +0 kite shield
rNeg     . . .     Spirit   .   b - +0 scale mail
rPois    .         Reflect  .   (no helmet)
rElec    .         Harm     .   (no cloak)
rCorr    .         Rnd*Tele +   (no gloves)
MR       .....                  (no boots)
Stlth    ..........             (no amulet)
HPRegen  0.09/turn              k - ring of teleportation (curse)
MPRegen  0.08/turn              (no ring)

@: lethally poisoned (0 -> -13)
A: hooves 2
a: no special abilities


You were on level 2 of the Dungeon.
You visited 1 branch of the dungeon, and saw 2 of its levels.

You collected 97 gold pieces.

Inventory:

Hand Weapons
 a - a +0 long sword (weapon)
Armour
 b - a +0 scale mail (worn)
 c - a +0 kite shield (worn)
Jewellery
 k - a cursed ring of teleportation (left hand)
Scrolls
 e - a scroll of immolation {unknown}
 f - a scroll of blinking {unknown}
 h - 4 scrolls of remove curse {unknown}
 i - a scroll of noise {unknown}
 j - 2 scrolls of amnesia {unknown}
 m - 2 scrolls of random uselessness {unknown}
 n - 3 scrolls of identify {unknown}
Potions
 d - a potion of might
 g - a potion of stabbing
 l - a potion of cancellation


   Skills:
 + Level 3.2 Fighting
 + Level 2.1 Long Blades
 + Level 3.0 Armour
 + Level 0.2 Dodging
 + Level 3.2 Shields


You had 2 spell levels left.
You didn't know any spells.
Your spell library was empty.

Dungeon Overview and Level Annotations

Branches:
Dungeon (2/15)

Altars:
Gozag


Innate Abilities, Weirdness & Mutations

You have hoof-like feet.


Message History

The poisoned dart hits you!
You are more poisoned.
You see here a poisoned dart.
* * * LOW HITPOINT WARNING * * *
You feel sick.
The hobgoblin throws a poisoned dart.
You block the poisoned dart.
You see here a poisoned dart.
* * * LOW HITPOINT WARNING * * *
You feel sick.
The hobgoblin throws a poisoned dart.
The poisoned dart hits you.
You are more poisoned.
You see here a poisoned dart.
* * * LOW HITPOINT WARNING * * *
You feel sick.
* * * LOW HITPOINT WARNING * * *
You feel sick.
The hobgoblin hits you but does no damage.
Found a potion of curing.
You closely miss the hobgoblin.
You die...

###...#...#### #####....
#...#..## ##......).
.......#....########..###...<
..####.##............## #....
..###..#......### ##...
.###.#..#......### ##...
.....>......##....# #....
.........g....#.##.####....
...........@...รท..#...##....
............)......##....
..........(........#.....
...........(.............
............(............
............(....#......
!................##..<..
...##............##.....
####............###.###


You could see a hobgoblin.

Vanquished Creatures
  An adder (D:2)
  2 bats (D:1)
  6 goblins
  8 hobgoblins
  A ball python (D:2)
  2 frilled lizards
  4 kobolds (D:1)
  7 rats
31 creatures vanquished.

Notes
Turn   | Place    | Note
-------+----------+-------------------------------------------
     0 | D:1      | Peloso the Demonspawn Fighter began the quest for the Orb.
     0 | D:1      | Reached XP level 1. HP: 18/18 MP: 1/1
   315 | D:1      | Gained mutation: You have large cloven feet. [demonic
                  | ancestry]
   315 | D:1      | Reached XP level 2. HP: 24/24 MP: 2/2
  1085 | D:2      | Gained mutation: You have hoof-like feet. [demonic
                  | ancestry]
  1085 | D:2      | Reached XP level 3. HP: 25/29 MP: 3/3
  1147 | D:2      | Found an opulent altar of Gozag.
  1308 | D:2      | Succumbed to a hobgoblin's poison

Illustrated notes

Levels and vault maps discovered:
D:1:      elethiomel_arrival_maze, layout_basic, serial_park_tiny_1,
          minmay_cut_off
D:2:      layout_rooms, grunt_gozag_statues, lemuel_round_altar

Skill      XL: |  1  2 |
---------------+-------+-----
Long Blades    | 2 |  2.1
Shields        | 3 |  3.2
Armour         | 3 |  3.0
Fighting       | |  3.2
Dodging        | |  0.2

Action                   || total
-------------------------++-------
Melee: Long sword        ||   107
       Kick              ||     8
  Use: Potion            ||     4
Armor: Scale mail        ||    66
Dodge: Dodged            ||    41
Block: Kite shield       ||    71
       Rpst.: Long sword ||     9

Table legend: (Time is in decaauts)
 A = Elapsed time spent in this place.
 B = Non-inter-level travel time spent in this place.
 C = Inter-level travel time spent in this place.
 D = Time resting spent in this place.
 E = Time spent auto-exploring this place.
 F = Levels seen in this place.
 G = Mean time per level.
                   A        B        C        D        E       F      G
               +--------+--------+--------+--------+--------+-----+--------+
         Total |   1348 |   1325 |     23 |      0 |   1014 |   2 |  674.0 |
       Dungeon |   1348 |   1325 |     23 |      0 |   1014 |   2 |  674.0 |
               +--------+--------+--------+--------+--------+-----+--------+

Top non-repeatable levels by time:
     D:1: 1070 daAuts
     D:2: 277 daAuts
